 Dungeon Crawl Stone Soup version 0.29-a0-1043-g569b05d6ff (webtiles) character file.

Game seed: 10863967679963775429

5772 siradein the Demolition Demonspawn (level 10, -3/86 HPs)
             Began as a Demonspawn Monk on Aug 16, 2022.
             Was an Elder of Makhleb.
             Slain by a two-headed ogre
             ... wielding a +0 giant spiked club
              (26 damage)
             ... on level 9 of the Dungeon.
             The game lasted 00:26:28 (14473 turns).

siradein the Demolition Demonspawn (DsMo)          Turns: 14473, Time: 00:26:29

Health: -3/86      AC: 20    Str: 15    XL:     10   Next: 49%
Magic:  17/17      EV:  5    Int: 18    God:    Makhleb [****..]
Gold:   550        SH:  3    Dex: 16    Spells: 9/9 levels left

rFire   . . .      SeeInvis .     - Unarmed
rCold   . . .      Faith    +   o - +0 buckler
rNeg    . . .      Spirit   .   B - +0 plate armour
rPois   .          Reflect  .   (helmet restricted)
rElec   .          Harm     .   r - +2 cloak
rCorr   .          Rampage  .   g - +0 pair of gloves
Will    .....                   (no boots)
Stlth   ..........              t - amulet of faith
HPRegen 0.24/turn               i - +6 ring of intelligence
MPRegen 0.15/turn               C - +4 ring of protection

@: no status effects
A: horns 1, rugged brown scales 1, demonic guardian 2, powered by death 1
a: Renounce Religion, Minor Destruction, Lesser Servant of Makhleb, Major
Destruction


You were on level 9 of the Dungeon.
You worshipped Makhleb.
Makhleb was greatly pleased with you.
You visited 2 branches of the dungeon, and saw 10 of its levels.
You also visited: Sewer.

You collected 550 gold pieces.

Inventory:

Armour
 g - a +0 pair of gloves (worn)
 o - a +0 buckler (worn)
 r - a +2 cloak (worn)
 B - a +0 plate armour (worn)
Jewellery
 i - a +6 ring of intelligence (left hand)
 l - an amulet of reflection
 t - an amulet of faith (around neck)
 u - a ring of fire
 C - a +4 ring of protection (right hand)
Wands
 s - a wand of iceblast (9)
 x - a wand of polymorph (8)
 D - a wand of mindburst (10)
 E - a wand of charming (6)
Scrolls
 d - 3 scrolls of teleportation
 f - 2 scrolls of immolation {unknown}
 h - 2 scrolls of torment
 j - a scroll of butterflies {unknown}
 p - a scroll of blinking {unknown}
 y - a scroll of fear {unknown}
 A - a scroll of magic mapping {unknown}
Potions
 a - 2 potions of curing
 b - a potion of ambrosia
 c - 4 potions of brilliance
 e - 2 potions of heal wounds
 k - a potion of lignification
 m - 4 potions of cancellation
 n - 5 potions of might
 q - 2 potions of attraction {unknown}
 v - a potion of haste {unknown}
 w - a potion of invisibility {unknown}
 z - a potion of flight {unknown}


   Skills:
 + Level 9.7 Fighting
 + Level 2.6 Armour
 + Level 4.0 Dodging
 - Level 1.7 Stealth
 + Level 8.9 Unarmed Combat
 + Level 10.1 Invocations


You had 9 spell levels left.
You didn't know any spells.
Your spell library contained the following spells:

 Spells                   Type           Power      Damage    Failure   Level
 Ensorcelled Hibernation  Hex/Ice        0%         N/A       100%        2
 Poisonous Vapours        Pois/Air       0%         N/A       100%        2
 Sublimation of Blood     Necr           0%         N/A       100%        2
 Wereblood                Tmut           0%         N/A       100%        2
 Gell's Gravitas          Tloc           0%         N/A       100%        3
 Ignite Poison            Fire/Tmut/Pois 0%         N/A       100%        3
 Lesser Beckoning         Tloc           0%         N/A       100%        3
 Mephitic Cloud           Conj/Pois/Air  0%         N/A       100%        3
 Spider Form              Tmut/Pois      0%         N/A       100%        3
 Teleport Other           Tloc           0%         N/A       100%        3
 Anguish                  Hex/Necr       0%         N/A       100%        4
 Corpse Rot               Necr/Pois/Air  0%         N/A       100%        4
 Freezing Cloud           Conj/Ice/Air   0%         6-21      100%        5
 Summon Hydra             Summ           0%         N/A       100%        7


Dungeon Overview and Level Annotations

Branches:
Dungeon (9/15)             Temple (1/1) D:4             Orc (0/2) D:9
  Sewer (visited)
   Lair: D:8-11

Altars:
Ashenzari
Cheibriados
Dithmenos
Fedhas
Gozag
Hepliaklqana
Kikubaaqudgha
Makhleb
Nemelex Xobeh
Okawaru
Ru
Trog
Uskayaw
Vehumet
Xom
Yredelemnul

Shops:
D:7 :


Innate Abilities, Weirdness & Mutations

You have a pair of small horns on your head.
You are partially covered in rugged brown scales. (AC +1, +3% HP)
A demonic guardian rushes to your aid.
You regenerate a little health from kills.


Message History

Your smoke demon hits the orc warrior.
Your hellwing hits the orc warrior!
The orc warrior dies!
Makhleb accepts your kill.
Unknown command.
a - 2 potions of curing (gained 1)
You swap places.
You hear the faint creaking of a portcullis nearby.
Your hellwing disappears in a puff of smoke!
You swap places.
An orc opens the door.
Your smoke demon hits the orc.
Your smoke demon barely misses the orc.
Your smoke demon hits the orc.
The orc hits your smoke demon with a +0 whip.
Your smoke demon gestures at the orc.
The ball of steam misses the orc.
The orc is engulfed in a cloud of scalding steam.
The orc dies!
Makhleb accepts your kill.
You open the door.
There is an open door here.
Found a stone staircase leading down.
Found 13 gold pieces.
A two-headed ogre comes into view.
It is wielding a +0 giant spiked club and a +0 giant club.
The two-headed ogre shouts in stereo!
The two-headed ogre closely misses your smoke demon.
The two-headed ogre hits your smoke demon with a +0 giant club.
Your smoke demon hits the two-headed ogre but does no damage.
Your smoke demon barely misses the two-headed ogre. x2
You hear the creaking of a portcullis nearby.
Your smoke demon hits the two-headed ogre. x3
Your smoke demon gestures at the two-headed ogre.
The sticky flame hits the two-headed ogre.
The two-headed ogre is covered in liquid flames!
The two-headed ogre burns!
The two-headed ogre burns!
The two-headed ogre attacks as you move away!
The two-headed ogre hits you with a +0 giant spiked club.
* * * LOW HITPOINT WARNING * * *
The two-headed ogre hits you with a +0 giant club!!
You die...

...............
.............# ####
#..........# ##..##
#..........# #....#
+..........# #....#
#.>........#######)#
#.....3....#..#...)#
#.....O....#..'....#
#.....@....#.)#....#
#..........#..#....#
#..........#..#....#
#.....######..#....#
#.....#...##..#....###
+.....#...##..###†...#
#.....#........)†...##
#.....'........).†..#
#.....#........######


You could see a two-headed ogre (burning, ally target) and a friendly smoke
demon (summoned).

Vanquished Creatures
  Pikel (D:5)
  Psyche (D:8)
  A kobold demonologist (D:8)
  A troll (D:8)
  Sigmund (D:6)
  A warg (D:9)
  A water moccasin (D:8)
  4 ice beasts
  2 sky beasts
  3 orc warriors
  An ogre (D:7)
  9 kobold brigands
  A necrophage (D:5)
  2 bullfrogs
  6 scorpions
  4 wights
  9 killer bees
  3 hounds
  2 jellies (D:6)
  5 orc priests
  A gnoll bouda (D:7)
  Crazy Yiuf (D:2)
  An iguana (D:5)
  6 orc wizards
  Natasha (thrice) (D:2)
  A mummy (D:5)
  12 gnolls
  9 adders
  A river rat (D:5)
  A white imp (D:6)
  An ufetubus (D:5)
  4 worms
  2 dart slugs
  15 orcs
  12 endoplasms
  4 giant cockroaches
  10 goblins
  5 hobgoblins
  5 jackals
  19 kobolds
  2 quokkas
  20 ball pythons
  6 bats (D:1)
  4 frilled lizards
  2 kobold zombies (D:5)
  9 rats
214 creatures vanquished.

Vanquished Creatures (collateral kills)
  A hornet (D:8)
  2 orc warriors
  A kobold brigand (Sewer)
  A necrophage (D:7)
  A gnoll bouda (D:9)
  A gnoll (D:9)
  3 orcs
  An endoplasm (D:4)
  A rat (Sewer)
12 creatures vanquished.

Grand Total: 226 creatures vanquished

Notes
Turn   | Place    | Note
-------+----------+-------------------------------------------
     0 | D:1      | siradein the Demonspawn Monk began the quest for the Orb.
     0 | D:1      | Reached XP level 1. HP: 18/18 MP: 1/1
   361 | D:1      | Gained mutation: You have a pair of small horns on your
                  | head. [demonic ancestry]
   361 | D:1      | Reached XP level 2. HP: 24/24 MP: 2/2
  1056 | D:1      | Reached XP level 3. HP: 29/29 MP: 3/3
  1897 | D:2      | Found a runed translucent door.
  1898 | D:2      | Noticed Crazy Yiuf
  2038 | D:2      | Noticed Natasha
  2043 | D:2      | Killed Natasha
  2044 | D:2      | Reached XP level 4. HP: 33/37 MP: 4/4
  2130 | D:2      | Found a faded altar of an unknown god.
  3477 | D:2      | Gained mutation: A weak demonic guardian rushes to your
                  | aid. [demonic ancestry]
  3477 | D:2      | Reached XP level 5. HP: 12/43 MP: 5/5
  3811 | D:2      | Killed Crazy Yiuf
  5155 | D:2      | Noticed Natasha
  5162 | D:2      | Killed Natasha
  5163 | D:2      | Reached skill level 5 in Fighting
  5318 | D:2      | Noticed Natasha
  5330 | D:2      | Killed Natasha
  5556 | D:2      | Found a faded altar of an unknown god.
  6588 | D:3      | Reached XP level 6. HP: 25/51 MP: 6/6
  6921 | D:4      | Found a sparkling altar of Nemelex Xobeh.
  6961 | D:4      | Found an opulent altar of Gozag.
  7032 | D:4      | Found a staircase to the Ecumenical Temple.
  7063 | D:4      | Reached skill level 5 in Unarmed Combat
  7070 | Temple   | Entered the Ecumenical Temple
  7230 | Temple   | Became a worshipper of Makhleb the Destroyer
  7230 | Temple   | Reached * piety under Makhleb
  7230 | Temple   | Reached ** piety under Makhleb
  7507 | D:4      | Found a hazy altar of Hepliaklqana.
  7588 | D:5      | Entered Level 5 of the Dungeon
  7646 | D:5      | Found a glowing drain.
  7651 | Sewer    | Entered a sewer
  7820 | Sewer    | Reached skill level 1 in Invocations
  7854 | Sewer    | Reached skill level 2 in Invocations
  7854 | Sewer    | Gained mutation: You regenerate a little health from kills.
                  | [demonic ancestry]
  7854 | Sewer    | Reached XP level 7. HP: 53/57 MP: 8/8
  8090 | Sewer    | Reached skill level 3 in Invocations
  8562 | Sewer    | Reached skill level 4 in Invocations
  8846 | Sewer    | Gained mutation: You are partially covered in rugged brown
                  | scales. (AC +1, +3% HP) [demonic ancestry]
  8846 | Sewer    | Reached XP level 8. HP: 48/66 MP: 11/11
  8969 | D:5      | Reached *** piety under Makhleb
  9059 | D:5      | Reached skill level 5 in Invocations
  9324 | D:5      | Noticed Pikel
  9358 | D:5      | Killed Pikel
  9359 | D:5      | Reached skill level 6 in Invocations
  9420 | D:5      | Found a shimmering altar of Xom.
 10108 | D:6      | Reached skill level 7 in Invocations
 10123 | D:6      | Reached XP level 9. HP: 76/76 MP: 14/14
 10186 | D:6      | Noticed Sigmund
 10222 | D:6      | Killed Sigmund
 10329 | D:6      | Reached **** piety under Makhleb
 10863 | D:7      | Reached skill level 8 in Invocations
 11788 | D:7      | Found Ereawk's Book Boutique.
 11828 | D:7      | Reached skill level 9 in Invocations
 12407 | D:8      | Found an ancient bone altar of Kikubaaqudgha.
 12677 | D:8      | Noticed a kobold demonologist
 12703 | D:8      | Noticed an ice devil
 12727 | D:7      | Noticed a sun demon
 12731 | D:8      | Killed a kobold demonologist
 12732 | D:8      | Reached skill level 1 in Armour
 12732 | D:8      | Gained mutation: A demonic guardian rushes to your aid.
                  | [demonic ancestry]
 12732 | D:8      | Reached XP level 10. HP: 47/85 MP: 17/17
 13071 | D:8      | Paralysed by a hornet for 3 turns
 13604 | D:8      | Noticed Psyche
 13614 | D:8      | Killed Psyche
 14311 | D:9      | Found a staircase to the Orcish Mines.
 14351 | D:9      | Reached skill level 10 in Invocations
 14353 | D:9      | HP: 1/85 [killer bee (5)]
 14461 | D:9      | Noticed a two-headed ogre
 14473 | D:9      | Slain by a two-headed ogre

Illustrated notes

Levels and vault maps discovered:
D:1:      amcnicky_arrival_flooded_fountain, layout_basic, minmay_cupped
D:2:      layout_basic, shapermc_ecumenical_altar_petra, basic_altar,
          serial_glass, glass_columns_b, glass_columns_a,
          minmay_strange_pillars, minmay_strange_pillars, due_unseen_surprise,
          item_on_display_a, wad_floor_pattern_untrapped, minmay_hexomino_p4,
          uniq_natasha, uniq_crazy_yiuf_cottage
D:3:      layout_basic
D:4:      layout_gridville, kennysheep_mini_moat, mainiacjoe_overflow_paths,
          nicolae_hepliaklqana_hippocampus, minmay_temple_entry_slanted
D:5:      layout_basic, mainiacjoe_overflow_chevrons, gup_sewer_entry_bowl,
          nicolae_ossuary_entry_giza, uniq_pikel
D:6:      layout_rooms, uniq_sigmund
D:7:      layout_cave_pods, serial_shops, nicolae_shop_behind_doors,
          kennysheep_small_square
D:8:      layout_layer_cave, nicolae_kikubaaqudgha_miasma_corner, uniq_psyche
D:9:      layout_gridville, kennysheep_mini, david_orc_3, enter_bailey_8
Temple:   minmay_temple_curvy_branch

Skill      XL: |  1  2  3  4  5  6  7  8  9 10 |
---------------+-------------------------------+-----
Unarmed Combat | 3 4 5 6 7 8 |  8.9
Fighting       | 4 5 6 8 9 |  9.7
Invocations    | 2 4 7 9 10 | 10.1
Armour         | 1 2 |  2.6
Dodging        | 3 4 |  4.0
Stealth        | |  1.7

Action                   |  1- 3 |  4- 6 |  7- 9 | 10-12 || total
-------------------------+-------+-------+-------+-------++-------
Melee: Unarmed           |   134 |   258 |   599 |   139 ||  1130
       Punch             |     6 |       |       |       ||     6
       Headbutt          |    15 |    45 |   125 |    19 ||   204
Invok: Lesser Servant of |       |       |     3 |     3 ||     6
  Use: Scroll            |       |     6 |     4 |     1 ||    11
       Potion            |       |       |       |     2 ||     2
 Stab: Sleeping          |     3 |       |       |       ||     3
       Distracted        |       |     2 |       |       ||     2
Armor: Robe              |     8 |       |       |       ||     8
       Ring mail         |    37 |       |       |       ||    37
       Chain mail        |     8 |   151 |   154 |       ||   313
       Plate armour      |       |       |   116 |   206 ||   322
Dodge: Dodged            |    85 |    45 |    94 |    42 ||   266
Block: Buckler           |       |    50 |    68 |    41 ||   159
       Reflection        |       |     3 |       |       ||     3

Table legend: (Time is in decaauts)
 A = Elapsed time spent in this place.
 B = Non-inter-level travel time spent in this place.
 C = Inter-level travel time spent in this place.
 D = Time resting spent in this place.
 E = Time spent auto-exploring this place.
 F = Levels seen in this place.
 G = Mean time per level.
                   A        B        C        D        E       F      G
               +--------+--------+--------+--------+--------+-----+--------+
         Total |  14566 |  14127 |    439 |      6 |  11848 |  11 | 1324.2 |
       Dungeon |  12888 |  12454 |    434 |      6 |  10531 |   9 | 1432.0 |
        Temple |    255 |    250 |      5 |      0 |    243 |   1 |  255.0 |
         Sewer |   1422 |   1422 |      0 |      0 |   1074 |   1 | 1422.0 |
               +--------+--------+--------+--------+--------+-----+--------+

Top non-repeatable levels by time:
     D:2: 2869 daAuts
     D:3: 2439 daAuts
     D:7: 1733 daAuts
     D:8: 1704 daAuts
   Sewer: 1422 daAuts
     D:1: 1383 daAuts
     D:5: 1169 daAuts
     D:6: 783 daAuts
     D:4: 647 daAuts
  Temple: 255 daAuts
     D:9: 157 daAuts
